[Event "*** Titled Tuesday Blitz"]
[Site "Chess.com"]
[Date "2020.05.12"]
[Round "1"]
[White "Keks2017"]
[Black "reniite"]
[Result "1-0"]
[WhiteElo "2474"]
[BlackElo "1911"]
[TimeControl "180+1"]
[EndTime "10:06:22 PDT"]
[Termination "Keks2017 won on time"]

1. e4 c6 2. d3 d5 3. Nd2 g6 4.
g3 Bg7 5. Bg2 Nd7 6. Ngf3 e6 7.
O-O Ne7 8. Re1 O-O 9. c3 Nc5 10. Nb3 Nxb3 11. axb3 Qb6 12. e5 Nf5 13. h4 h6 14. h5 g5 15. Nh2 c5 16. Ng4 c4 17.
bxc4 dxc4 18. d4 Bd7 19. Qe2 Bc6 20. Qxc4 Rac8 21. Qe2 Bxg2 22. Kxg2 a6 23. Qf3 Kh7 24. Qe4 Qb3 25. Ne3 Kg8 26. Nxf5 exf5 27. Qxf5 Qd5+ 28. Qf3 Qxf3+ 29. Kxf3 f6 30. exf6 Rxf6+ 31.
Kg2 Rcf8 32. Re2 g4 33. Ra5 Rf5 34. Rxf5 Rxf5 35. Re7 b5 36. Ra7 Rxh5 37. Rxa6 b4 38. Rc6 bxc3 39. bxc3 Rf5 40. Be3 h5 41. c4 Kf7 42. d5 1-0

[Event "*** Titled Tuesday Blitz"]
[Site "Chess.com"]
[Date "2020.05.12"]
[Round "1"]
[White "GM_dmitrij"]
[Black "JorgeElias99"]
[Result "1-0"]
[WhiteElo "2904"]
[BlackElo "2447"]
[TimeControl "180+1"]
[EndTime "10:06:23 PDT"]
[Termination "GM_dmitrij won on time"]

1. e4 c5 2. Nf3 d6 3. d4 cxd4 4. Nxd4 Nf6 5. Nc3 a6 6. Be2 e6 7.
Be3 Be7 8. Qd2 O-O 9. O-O-O Nc6 10. f4 Qc7 11. g4 d5 12. exd5 Nxd5 13. Nxd5 exd5 14. Kb1 Re8 15. Bf3 Bf6 16. Rhe1 Bd7 17. h3 Rac8 18. c3 Nxd4 19. Bxd4 Bxd4 20. Qxd4 Bc6 21.
h4 Rcd8 22. h5 h6 23. g5 hxg5 24. fxg5 Qg3 25. h6 Qxg5 26. hxg7 Rxe1 27. Rxe1 Qf5+ 28.
Be4 1-0

[Event "*** Titled Tuesday Blitz"]
[Site "Chess.com"]
[Date "2020.05.12"]
[Round "1"]
[White "Ziachess74"]
[Black "quesfr"]
[Result "1/2-1/2"]
[WhiteElo "2575"]
[BlackElo "2271"]
[TimeControl "180+1"]
[EndTime "10:06:24 PDT"]
[Termination "Game drawn by agreement"]

1. d4 d5 2. Nf3 Nf6 3. c4 e6 4. e3 Be7 5. Nc3 O-O 6. Bd3 dxc4 7. Bxc4 a6 8. O-O c5 9. b3 b5 10. Be2 Bb7 11. Bb2 Nbd7 12. Bd3 Bxf3 13. Qxf3 cxd4 14. exd4 Nb6 15. Ne4 Nbd5 16. Rac1 Rc8 17. g3 Nxe4 18. Qxe4 g6 19. h4 Bf6 20. Qf3 h5 21. Be4 Bg7 22. Rxc8 Qxc8 23. Rc1 Qd7 24. Bxd5 exd5 25. Rc5 Rd8 26.
Qc3 Qg4 27. Qe3 Qd7 28. Kg2 Bf8 29. Rc1 1/2-1/2

[Event "*** Titled Tuesday Blitz"]
[Site "Chess.com"]
[Date "2020.05.12"]
[Round "1"]
[White "SophieNikoladze"]
[Black "IMAghasiyevKamal"]
[Result "0-1"]
[WhiteElo "2131"]
[BlackElo "2510"]
[TimeControl "180+1"]
[EndTime "10:06:25 PDT"]
[Termination "IMAghasiyevKamal won by resignation"]

1. d4 d5 2. Nf3 Nf6 3. e3 g6 4. Bd3 Bg7 5. b3 O-O 6. Bb2 c5 7. O-O Ne4 8. Nbd2 Bf5 9. Ne5 Nd7 10. g4 Nxe5 11. gxf5 Nxd2 12. dxe5 Nxf1 13. Qxf1 Qc7 14. f6 Bh8 15. Qh3 c4 16. bxc4 dxc4 17. Be4 c3 18. Ba3 Qxe5 19. fxe7 Rfe8 20. Bxb7 Rab8 21. Bc6 Rxe7 22.
Bxe7 Qxe7 23. Qd7 Qg5+ 24. Bg2 Bf6 25. Rd1 Rb2 26. h4 Qxh4 27. Bd5 Be7 28. Qe8+ Kg7 29.
Qxf7+ Kh6 30. Bb3 Qg4+ 31. Kh2 Qxd1 32. Qxe7 Qf3 33. Qh4+ Qh5 34. Kg3 Qxh4+ 35. Kxh4 Kg7 36. e4 Kf6 37. f4 Rb1 38. Kg4 Rg1+ 39. Kf3 h5 40.
e5+ Ke7 41. Kf2 Rc1 42. Kg3 a5 43. Kh4 Rg1 44. Bc4 Rg4+ 45. Kh3 Rxf4 46. Bd3 g5 47. Kg3 h4+ 48. Kg2 g4 49. Bb5 h3+ 50. Kg3 Rf3+ 51. Kxg4 h2 52. Kxf3 h1=Q+ 53. Ke3 Qc1+ 54. Kd3 Qd2+ 55. Kc4 Qxc2 0-1

[Event "*** Titled Tuesday Blitz"]
[Site "Chess.com"]
[Date "2020.05.12"]
[Round "1"]
[White "kakakz"]
[Black "ThunderrPanda"]
[Result "0-1"]
[WhiteElo "2424"]
[BlackElo "2815"]
[TimeControl "180+1"]
[EndTime "10:06:26 PDT"]
[Termination "ThunderrPanda won on time"]

1. d4 Nf6 2. c4 g6 3. Nc3 d5 4. cxd5 Nxd5 5. e4 Nxc3 6. bxc3 Bg7 7. Nf3 c5 8. Be3 Bg4 9. Qd2 O-O 10. Be2 Qa5 11. Rd1 Rd8 12. O-O Nc6 13. d5 Bxc3 14.
Qc2 Bxf3 15. dxc6 Bxe2 16. Qxe2 bxc6 17. Rc1 Bd4 18. Bg5 Rd7 19. Rc2 Rb8 20. h4 Qb5 21.
Qf3 Qa4 22. Rfc1 Bb2 23. Rd1 Rxd1+ 24. Qxd1 Qxe4 25. Re2 Qd5 26. Rd2 Qxa2 0-1

[Event "*** Titled Tuesday Blitz"]
[Site "Chess.com"]
[Date "2020.05.12"]
[Round "1"]
[White "BvsN"]
[Black "ManuDavid2910"]
[Result "0-1"]
[WhiteElo "2377"]
[BlackElo "2717"]
[TimeControl "180+1"]
[EndTime "10:06:27 PDT"]
[Termination "ManuDavid2910 won by resignation"]

1. d4 Nf6 2. Nf3 e6 3. e3 d5 4. Bd3 c5 5. O-O Nc6 6. c3 Bd6 7. Nbd2 O-O 8. dxc5 Bxc5 9. b4 Bb6 10. Bb2 h6 11. a3 Re8 12. c4 Bc7 13. cxd5 exd5 14.
Nb3 Ne4 15. Nbd4 Qd6 16. Nb5 Qd8 17. Nxc7 Qxc7 18. Rc1 Qe7 19. b5 Na5 20. Qa4 b6 21. Qd4 Nf6 22. Qh4 Ne4 23. Qxe7 Rxe7 24. Nd4 Nc5 25.
Bb1 Nc4 26. Nc6 Re8 27. Bd4 Nb3 28. Rc3 Nbd2 29. Rd1 Bd7 30. Ba2 a6 31. Bxc4 Nxc4 32.
a4 Nb2 33. Ra1 axb5 34. Rc2 Nxa4 35. Rb1 Rac8 36. Rbc1 Bxc6 37. Rxc6 Rxc6 38. Rxc6 b4 39. Bxb6 Rb8 40. Bd4 b3 41. Rc1 b2 42.
Rb1 Rc8 43. Bxb2 Rb8 44. h4 Rxb2 45. Rd1 Nc3 46. Rd3 Rc2 0-1

[Event "*** Titled Tuesday Blitz"]
[Site "Chess.com"]
[Date "2020.05.12"]
[Round "1"]
[White "doons21"]
[Black "Shivagami"]
[Result "0-1"]
[WhiteElo "2523"]
[BlackElo "2215"]
[TimeControl "180+1"]
[EndTime "10:06:27 PDT"]
[Termination "Shivagami won by resignation"]

1. e4 c5 2. c3 d5 3. exd5 Qxd5 4. d4 g6 5. Nf3 Bg7 6. Be3 Bg4 7. Be2 Nc6 8. h3 Bf5 9. Na3 cxd4 10. Nb5 O-O-O 11.
Nbxd4 Nxd4 12. Nxd4 Bd7 13. O-O e5 14. Bf3 e4 15.
Be2 f5 16. c4 Qe5 17. Nb3 Bc6 18. Qc2 f4 19. Bg4+ Kb8 20. Bd4 Rxd4 21. Nxd4 Qxd4 22. Rfd1 Qb6 23. c5 Qc7 24. Rd6 Nf6 25. Rad1 Nxg4 26.
hxg4 Be5 27. R6d2 f3 28. b4 fxg2 29. Rd6 Bxd6 30. cxd6 Qd7 31. a4 Bxa4 32. Qc3 Rc8 33. Qg7 Qxg7 0-1

[Event "*** Titled Tuesday Blitz"]
[Site "Chess.com"]
[Date "2020.05.12"]
[Round "1"]
[White "PauloCesarCosta_sad"]
[Black "Mfcyryd"]
[Result "0-1"]
[WhiteElo "2198"]
[BlackElo "2537"]
[TimeControl "180+1"]
[EndTime "10:06:27 PDT"]
[Termination "Mfcyryd won on time"]

1. Nf3 Nf6 2. c4 e6 3. Nc3 Bb4 4. g3 O-O 5. Bg2 b6 6. O-O Bb7 7. Qc2 d5 8. d4 Nbd7 9. cxd5 exd5 10. Bf4 a6 11. Nh4 Rc8 12. Nf5 Re8 13. Rac1 Bf8 14. e3 h6 15. h4 b5 16. a4 b4 17. Nb1 c5 18. Qd1 c4 19. Nd6 Bxd6 20. Bxd6 a5 21.
Bf4 Ne4 22. Qg4 Ndf6 23. Qe2 Bc6 24. f3 Nd6 25. Bh3 Rb8 26. Qd1 Nh5 27. Be5 f6 28. Bxd6 Qxd6 29. g4 Qg3+ 30. Bg2 Rxe3 31. Nd2 Nf4 0-1

[Event "*** Titled Tuesday Blitz"]
[Site "Chess.com"]
[Date "2020.05.12"]
[Round "1"]
[White "SARGISMV"]
[Black "alishersuleymenov"]
[Result "0-1"]
[WhiteElo "2428"]
[BlackElo "2831"]
[TimeControl "180+1"]
[EndTime "10:06:28 PDT"]
[Termination "alishersuleymenov won on time"]

1. d4 Nf6 2. Nf3 g6 3. c4 Bg7 4. Nc3 O-O 5. Bf4 d6 6. e3 Nh5 7. Bg5 Nc6 8. Be2 h6 9. Bh4 g5 10. Nd2 gxh4 11. Bxh5 e5 12. d5 Ne7 13. e4 f5 14. Qe2 fxe4 15. Ndxe4 Nf5 16. O-O Nd4 17.
Qd3 h3 18. g3 Bf5 19. f3 Kh8 20. Rf2 a6 21. Raf1 c6 22. Bg4 Qd7 23. Bxf5 Qxf5 24. Ne2 Rae8 25. Nxd4 exd4 26. Qb3 Qd7 27. Qa3 Rd8 28. Re2 b5 29. dxc6 Qxc6 30. cxb5 axb5 31. Qd3 Qc4 32. Rd1 Qxa2 33. Nf2 Qc4 34. Nxh3 Rfe8 35.
Rxe8+ Rxe8 36. Nf4 Re3 0-1

[Event "*** Titled Tuesday Blitz"]
[Site "Chess.com"]
[Date "2020.05.12"]
[Round "1"]
[White "Tooweak2slow03"]
[Black "BabyBoss31"]
[Result "1-0"]
[WhiteElo "2627"]
[BlackElo "2305"]
[TimeControl "180+1"]
[EndTime "10:06:28 PDT"]
[Termination "Tooweak2slow03 won on time"]

1. e4 e6 2. Nf3 d5 3. e5 c5 4.
b4 cxb4 5. a3 bxa3 6. Bxa3 Bxa3 7. Nxa3 Bd7 8. d4 Ne7 9. Bd3 Qa5+ 10. Kf1 Qb4 11. g3 a6 12. Kg2 Ng6 13. h4 O-O 14.
Ng5 h6 15. Nxf7 Rxf7 16. Bxg6 Rf8 17. Qd3 Nc6 18. c3 Qe7 19. Nc2 b5 20. Ne3 Be8 21. h5 Bxg6 22. hxg6 Qg5 23. f3 Ne7 24. Kf2 Qxg6 25.
Qd2 Rf7 26. Ng2 Raf8 27. Nf4 Qg5 28. Rh5 Rxf4 29. Rxg5 Rxf3+ 30. Kg2 hxg5 31. Qxg5 Rf2+ 32. Kg1 Rc2 33. Qxe7 Rff2 34. Qxe6+ Kh8 35. Qh3+ Kg8 36. Rxa6 1-0

[Event "*** Titled Tuesday Blitz"]
[Site "Chess.com"]
[Date "2020.05.12"]
[Round "1"]
[White "FM_VS99"]
[Black "GMStefanova"]
[Result "1/2-1/2"]
[WhiteElo "2384"]
[BlackElo "2698"]
[TimeControl "180+1"]
[EndTime "10:06:29 PDT"]
[Termination "Game drawn by repetition"]

1. c4 g6 2. d4 Nf6 3. f3 c5 4. e4 cxd4 5. Qxd4 Nc6 6. Qd1 Bg7 7.
Nc3 O-O 8. Be3 d6 9. Nge2 Be6 10.
Nf4 Bd7 11. Be2 Rc8 12. Qd2 Ne5 13. b3 a6 14. O-O Bc6 15. Rac1 Nfd7 16. Ncd5 Nc5 17.
Rfd1 Re8 18. Nc3 Qa5 19. Rb1 Ne6 20. Nxe6 fxe6 21. Bd4 b5 22. cxb5 axb5 23. Nxb5 Qxd2 24. Rxd2 Nd7 25. Bxg7 Kxg7 26. Nd4 e5 27. Nxc6 Rxc6 28.
Bb5 Rc7 29. Bxd7 Rxd7 30. b4 Ra8 31. b5 Rb7 32. Kf2 Ra3 33. Rdb2 Rb6 34. Rc2 Ra5 35. Rcb2 Ra3 36. Rd1 Kf6 37. Rc1 Ra5 38. Rcb1 Ra3 39.
Ke2 Ke6 40. Rc1 Ra5 41. Rcb1 Ra3 42. Rc1 Ra5 43. Rcb1 Ra3 1/2-1/2

[Event "*** Titled Tuesday Blitz"]
[Site "Chess.com"]
[Date "2020.05.12"]
[Round "1"]
[White "Zq1"]
[Black "kai_nov"]
[Result "0-1"]
[WhiteElo "2557"]
[BlackElo "2255"]
[TimeControl "180+1"]
[EndTime "10:06:29 PDT"]
[Termination "kai_nov won by resignation"]

1. d4 d5 2. c4 e6 3. Nc3 c6 4. e3 Nf6 5. Nf3 Nbd7 6. Qc2 Bd6 7. b3 O-O 8. Be2 e5 9. cxd5 cxd5 10. Nb5 Bb4+ 11. Bd2 Bxd2+ 12. Nxd2 a6 13. dxe5 Nxe5 14. Nd4 Bg4 15. f3 Rc8 16. Qb2 Bd7 17. O-O Qb6 18. Rac1 Rfe8 19. Rxc8 Bxc8 20. Qc3 Bd7 21. Re1 Nc6 22. Nxc6 bxc6 23. Kf2 c5 24. Rc1 d4 25. exd4 cxd4 26. Qd3 Bf5 27. Qxf5 d3+ 28. Kg3 dxe2 29. Ne4 Nxe4+ 30. Qxe4 Qb8+ 0-1

[Event "*** Titled Tuesday Blitz"]
[Site "Chess.com"]
[Date "2020.05.12"]
[Round "1"]
[White "Perecke"]
[Black "fm_magua"]
[Result "0-1"]
[WhiteElo "2201"]
[BlackElo "2541"]
[TimeControl "180+1"]
[EndTime "10:06:29 PDT"]
[Termination "fm_magua won by resignation"]

1. e4 c5 2. Nf3 Nc6 3. d4 cxd4 4. Nxd4 e5 5. Nb3 Nf6 6. Bd3 h6 7. c4 Be7 8. Nc3 O-O 9. Be3 d6 10. f3 Be6 11. O-O Na5 12. Nd2 Rc8 13. b3 b6 14. Rc1 Nb7 15. b4 Qd7 16. Nd5 Bxd5 17.
cxd5 Rxc1 18. Qxc1 Rc8 19. Qb2 Nh5 20. Rc1 Bg5 21. Bxg5 hxg5 22. g3 g4 23. Be2 gxf3 24. Nxf3 Nf6 25. a4 a5 26. Bb5 Qd8 27. Rc6 axb4 28.
Qxb4 Nc5 29. Nd2 Ra8 30. Nc4 Nfxe4 31. Rxb6 Qf6 32. Qb2 Nxa4 33. Bxa4 Rxa4 34. Nxd6 Qf3 35. Nxe4 Rxe4 36. Rb8+ Kh7 37. Qc2 g6 38. Rb1 Re2 0-1

[Event "*** Titled Tuesday Blitz"]
[Site "Chess.com"]
[Date "2020.05.12"]
[Round "1"]
[White "ThePatrick27"]
[Black "H3nriqueTV"]
[Result "1-0"]
[WhiteElo "2529"]
[BlackElo "2182"]
[TimeControl "180+1"]
[EndTime "10:06:29 PDT"]
[Termination "ThePatrick27 won by resignation"]

1. d4 d5 2. c4 c6 3. Nc3 Nf6 4. Nf3 e6 5. cxd5 exd5 6. Bg5 Be7 7. e3 Ne4 8. Bxe7 Qxe7 9. Bd3 f5 10. Ne5 O-O 11.
O-O Nd7 12. f4 Nxe5 13. fxe5 Qg5 14. Rf4 Be6 15. Qe1 Qh6 16. Bxe4 fxe4 17. Qg3 Rxf4 18.
exf4 Rf8 19. Rf1 Qh5 20. Nd1 Qe2 21. Qf2 Qd3 22. Qe3 Qc2 23. Qc3 Qe2 24. Ne3 h6 25. a3 Qh5 26. Qa5 a6 27. Qe1 Bf5 28. Qd1 Qg6 29.
g4 Bd7 30. h3 h5 31. Kh2 hxg4 32. hxg4 Kf7 33. Kg3 Rh8 34. Rh1 Rxh1 35. Qxh1 Qh6 36.
Qxh6 gxh6 37. f5 Be8 38. Kf4 b5 39. b4 Kg7 40. Nd1 Kf7 41. Ne3 Kg7 42. Nf1 Kf7 43. Nd2 Kg7 44. Nb3 Kf7 45. Nc5 Ke7 46. Nxa6 Kd8 47.
Nc5 Kc7 48. Nb3 Kb6 49. Nd2 Kc7 50. Nf1 Kd8 51. g5 hxg5+ 52. Kxg5 Ke7 53. Ne3 Bf7 54. Kh6 Be8 55. Kg7 Bd7 56. f6+ Ke6 57. f7 1-0

[Event "*** Titled Tuesday Blitz"]
[Site "Chess.com"]
[Date "2020.05.12"]
[Round "1"]
[White "Chess2019Player"]
[Black "MPGM"]
[Result "0-1"]
[WhiteElo "2181"]
[BlackElo "2529"]
[TimeControl "180+1"]
[EndTime "10:06:30 PDT"]
[Termination "MPGM won on time"]

1. Nf3 b6 2. g3 Bb7 3. Bg2 f5 4. O-O Nf6 5. d3 g6 6. Nc3 Bg7 7. Bg5 O-O 8. Re1 Qe8 9. e4 fxe4 10. dxe4 e5 11. Nd2 d6 12. f4 Nbd7 13. Bxf6 Nxf6 14. Nd5 Nxd5 15. exd5 Qb5 16. fxe5 Bxe5 17. b3 Bxd5 18.
Bxd5+ Qxd5 19. Ne4 Qd4+ 20. Kg2 Rae8 21. Qxd4 Bxd4 22.
Rad1 Be5 23. Ng5 h6 24. Nf3 Bc3 25. Rxe8 Rxe8 26. Rd3 Bf6 27. Kf2 Kf7 28. Nd2 Re5 29.
Nc4 Rf5+ 30. Kg2 h5 31. Ne3 Rc5 0-1

[Event "*** Titled Tuesday Blitz"]
[Site "Chess.com"]
[Date "2020.05.12"]
[Round "1"]
[White "crazy_machine"]
[Black "RobertPrieb2007"]
[Result "0-1"]
[WhiteElo "2595"]
[BlackElo "2310"]
[TimeControl "180+1"]
[EndTime "10:06:31 PDT"]
[Termination "RobertPrieb2007 won by checkmate"]

1. d4 Nf6 2. Nc3 d5 3. Bf4 g6 4. e3 Bg7 5. h4 O-O 6. h5 Nxh5 7.
Rxh5 gxh5 8. Qxh5 e6 9. Bd3 f5 10. Nf3 Nd7 11. O-O-O Nf6 12. Qh2 Ng4 13. Qg3 c5 14.
Rh1 Qf6 15. dxc5 Bd7 16. Bd6 Rfe8 17. Nd4 a6 18. f3 Nxe3 19. Nde2 Bc6 20. Nf4 e5 21.
Nh5 Qh6 22. Kb1 Qg6 23. Qh3 Bh6 24. g4 e4 25. gxf5 Nxf5 26. fxe4 dxe4 27. Bc4+ Kh8 28. Nf4 Bxf4 29. Bxf4 e3 30. Re1 Rad8 31. Qh2 Rd2 32. Be5+ Ng7 33. Qf4 Qxc2+ 34. Ka1 Qxb2# 0-1

[Event "*** Titled Tuesday Blitz"]
[Site "Chess.com"]
[Date "2020.05.12"]
[Round "1"]
[White "TregubovP"]
[Black "Rhinos1"]
[Result "1-0"]
[WhiteElo "2522"]
[BlackElo "2171"]
[TimeControl "180+1"]
[EndTime "10:06:31 PDT"]
[Termination "TregubovP won by resignation"]

1. e4 e5 2. Nf3 Nc6 3. Bb5 a6 4. Ba4 d6 5. d4 b5 6. Bb3 Nxd4 7. Nxd4 exd4 8. Bd5 Rb8 9. Qxd4 Nf6 10. Bc6+ Bd7 11. Bxd7+ Qxd7 12. O-O Be7 13. Bg5 O-O 14. e5 Ne8 15. Bf4 Qf5 16. Re1 Rd8 17. Nc3 Qxc2 18. Nd5 Rd7 19. Rac1 Qf5 20. exd6 Bxd6 21. Bxd6 Nxd6 22.
Ne7+ Rxe7 23. Rxe7 Qg5 24. Rexc7 Nc4 25. f4 Qg4 26. b3 Na3 27. h3 Qe2 28. Rc8 Re8 29.
Qd7 1-0

[Event "*** Titled Tuesday Blitz"]
[Site "Chess.com"]
[Date "2020.05.12"]
[Round "1"]
[White "ShieldingOff"]
[Black "serhanberat_ozdemir"]
[Result "0-1"]
[WhiteElo "2018"]
[BlackElo "2488"]
[TimeControl "180+1"]
[EndTime "10:06:31 PDT"]
[Termination "serhanberat_ozdemir won on time"]

1. d4 Nf6 2. c4 g6 3. Nc3 Bg7 4. e4 d6 5. Be2 O-O 6. Be3 c5 7. d5 e6 8. h3 exd5 9. exd5 Re8 10. Nf3 a6 11. a4 Nbd7 12. O-O Nh5 13. Qd2 f5 14. Bg5 Bf6 15. Rfe1 Ne5 16. Nxe5 Bxg5 17. Qd1 Rxe5 18. Bxh5 gxh5 19. Rxe5 dxe5 20. Qxh5 Qf6 21.
Re1 Bd7 22. a5 Qg6 23. Qf3 Bf6 24. d6 Bc6 25. Nd5 Rd8 26. Qb3 Rxd6 27. Rxe5 Bxe5 28. Ne7+ Kf7 29. Nxg6 hxg6 30. g3 Be4 31.
f4 Rd3 32. Qb6 Bd4+ 33. Kf1 Bf3 34. Qc7+ Kg8 35. Qd8+ Kh7 36. Qe7+ Bg7 37. Kf2 Be4 0-1

[Event "*** Titled Tuesday Blitz"]
[Site "Chess.com"]
[Date "2020.05.12"]
[Round "1"]
[White "AtabayevSaparmyrat"]
[Black "MFBerna"]
[Result "1-0"]
[WhiteElo "2733"]
[BlackElo "2385"]
[TimeControl "180+1"]
[EndTime "10:06:33 PDT"]
[Termination "AtabayevSaparmyrat won on time"]

1. e4 c5 2. Nf3 Nc6 3. d4 cxd4 4. Nxd4 Nf6 5. Nc3 d6 6. Bg5 e6 7. Qd2 Be7 8. O-O-O a6 9. f4 Qc7 10. Nf3 O-O 11. Bxf6 Bxf6 12. Qxd6 Qxd6 13. Rxd6 Be7 14. Rd1 b5 15. e5 Bc5 16. Kb1 Be3 17. g3 Bb7 18.
Bd3 b4 19. Ne4 Ne7 20. Rhe1 Bb6 21. Nfd2 Nf5 22. Nc4 Bc7 23. Ned6 Bxd6 24. Nxd6 Nxd6 25. exd6 Rfd8 26. Be4 Ra7 27. Rd4 a5 28. Bxb7 Rxb7 29. Re5 Ra7 30. a4 Kf8 31. f5 exf5 32. Rxf5 Ra6 33. d7 g6 34. Rb5 Ke7 35. Re5+ Kf6 36.
Rdd5 Rxd7 37. Rxa5 Rd1+ 38. Ka2 Rc6 39. Rec5 Rcd6 40.
Rab5 Rh1 41. h4 Rh2 42. Rxb4 Rg2 43. Rf4+ 1-0

[Event "*** Titled Tuesday Blitz"]
[Site "Chess.com"]
[Date "2020.05.12"]
[Round "1"]
[White "Angel_Hranitel_37"]
[Black "SamuelGhimpu2003"]
[Result "0-1"]
[WhiteElo "2366"]
[BlackElo "2705"]
[TimeControl "180+1"]
[EndTime "10:06:33 PDT"]
[Termination "SamuelGhimpu2003 won by checkmate"]

1. d4 Nf6 2. Nf3 g6 3. g3 Bg7 4. Bg2 O-O 5. O-O d6 6. Nc3 a6 7. a4 Nbd7 8. e4 c5 9. dxc5 Nxc5 10. e5 dxe5 11. Nxe5 Qc7 12. Nc4 Bg4 13. f3 Be6 14. Bf4 Qc6 15. Qe2 Rac8 16. Be3 Nxa4 17. Rxa4 Bxc4 18.
Qf2 Bxf1 19. Qxf1 Rfd8 20. Rh4 h5 21. g4 g5 22. Rh3 h4 23. Qc1 Nh7 24. Bxg5 Nxg5 25.
Qxg5 Qb6+ 26. Kf1 Rxc3 27. Qxh4 Qb5+ 28. Ke1 Re3+ 29. Kf2 Qe2+ 30. Kg3 Be5# 0-1

[Event "*** Titled Tuesday Blitz"]
[Site "Chess.com"]
[Date "2020.05.12"]
[Round "1"]
[White "SpasKozhuharov"]
[Black "garicradomir"]
[Result "1/2-1/2"]
[WhiteElo "2646"]
[BlackElo "2347"]
[TimeControl "180+1"]
[EndTime "10:06:33 PDT"]
[Termination "Game drawn by repetition"]

1. c4 Nf6 2. Nc3 g6 3. e4 d6 4. d4 Bg7 5. f3 O-O 6. Be3 Na6 7. Bd3 c5 8. Nge2 e5 9. d5 Nc7 10. Qd2 b5 11. cxb5 a6 12. a4 axb5 13. Nxb5 Nxb5 14. Bxb5 Nh5 15. O-O f5 16. b4 cxb4 17. Qxb4 fxe4 18. fxe4 Bg4 19. Rxf8+ Bxf8 20. a5 Rb8 21. Nc3 Nf4 22.
a6 Nxg2 23. Kxg2 Qh4 24. Kg1 Qh3 25. Bf2 Bf3 26. Bf1 Qg4+ 27. Bg3 Rxb4 28. a7 Qg5 29. a8=Q Qe3+ 30. Bf2 Qg5+ 31. Bg3 Qe3+ 32. Bf2 Qg5+ 33. Bg3 1/2-1/2

[Event "*** Titled Tuesday Blitz"]
[Site "Chess.com"]
[Date "2020.05.12"]
[Round "1"]
[White "PolinaKarelina"]
[Black "gross-aleks"]
[Result "0-1"]
[WhiteElo "1800"]
[BlackElo "2470"]
[TimeControl "180+1"]
[EndTime "10:06:33 PDT"]
[Termination "gross-aleks won on time"]

1. e4 c6 2. d3 d5 3. Nd2 Nd7 4. g3 dxe4 5. dxe4 e5 6. Bg2 Bc5 7. Ne2 Ngf6 8. O-O O-O 9. Nc3 b5 10. a3 a5 11. Nb3 Bb6 12. Bg5 a4 13. Nd2 h6 14. Bxf6 Qxf6 15. Nf3 Nc5 16. Qe2 Be6 17. Rfd1 Bc4 18. Qe1 Rad8 19. Rxd8 Rxd8 20. Rd1 Rxd1 21. Qxd1 g5 22. Qe1 Ne6 23. Nd1 Nd4 24. Nxd4 exd4 25. e5 Qe6 26. Qe4 Bd5 27. Qe2 Kg7 28. Kh1 Bxg2+ 29. Kxg2 Qd5+ 30. Qf3 Kg6 31. Qxd5 cxd5 32. f4 Kf5 33. Kf3 h5 0-1

[Event "*** Titled Tuesday Blitz"]
[Site "Chess.com"]
[Date "2020.05.12"]
[Round "1"]
[White "lIlIlIlI_lIl"]
[Black "Saloni1299"]
[Result "1-0"]
[WhiteElo "2636"]
[BlackElo "2315"]
[TimeControl "180+1"]
[EndTime "10:06:35 PDT"]
[Termination "lIlIlIlI_lIl won by checkmate"]

1. e4 e6 2. d4 d5 3. e5 c5 4. c3 Nc6 5. Nf3 Qb6 6. Na3 cxd4 7. cxd4 Bb4+ 8. Bd2 Bxa3 9. bxa3 Nxd4 10. Qa4+ Nc6 11. Bd3 Bd7 12. Qg4 Nge7 13. O-O Ng6 14. Qg3 O-O 15. h4 Qc7 16. Rfe1 f6 17. exf6 Qxg3 18. f7+ Rxf7 19. fxg3 Re8 20. Ng5 Rf6 21. Nxh7 Kxh7 22.
h5 Kg8 23. Bxg6 Ref8 24. g4 e5 25. g5 Rf2 26. Be3 Rb2 27. Bc5 Rf4 28. Rf1 b6 29. Bd6 Nd4 30. Rxf4 exf4 31. Be5 Ne2+ 32. Kh2 Rc2 33.
Bxc2 f3 34. gxf3 Kf7 35. f4 d4 36. Re1 d3 37. Bxd3 Nxf4 38. Bxf4 Bg4 39. Bg6+ Kf8 40. Re8# 1-0

[Event "*** Titled Tuesday Blitz"]
[Site "Chess.com"]
[Date "2020.05.12"]
[Round "1"]
[White "konradrutkowski"]
[Black "Agent-JL"]
[Result "1-0"]
[WhiteElo "2260"]
[BlackElo "2559"]
[TimeControl "180+1"]
[EndTime "10:06:35 PDT"]
[Termination "konradrutkowski won by resignation"]

1. e4 c6 2. d4 d5 3. Nc3 dxe4 4.
Nxe4 Nf6 5. Bd3 g6 6. Nf3 Bg7 7.
h3 Qc7 8. O-O O-O 9. Re1 Nbd7 10.
c3 b6 11. Bg5 Bb7 12. Qd2 Rfe8 13. Bf4 Qd8 14. Re2 c5 15. Rae1 cxd4 16. cxd4 Nxe4 17. Bxe4 Bxe4 18. Rxe4 Nf6 19. R4e2 Nd5 20. Be5 Qd7 21. Bxg7 Kxg7 22. Ne5 Qd6 23. a3 Rad8 24. Ng4 Nf4 25. Re4 Ne6 26. Qh6+ Kg8 27. Ne5 Qd5 28. Nxf7 Nxd4 29.
Nxd8 Nf5 30. Qg5 Rxd8 31. g4 Nd6 32. Qxd5+ 1-0

[Event "*** Titled Tuesday Blitz"]
[Site "Chess.com"]
[Date "2020.05.12"]
[Round "1"]
[White "googlegoom"]
[Black "DonBroca"]
[Result "1-0"]
[WhiteElo "2565"]
[BlackElo "2232"]
[TimeControl "180+1"]
[EndTime "10:06:35 PDT"]
[Termination "googlegoom won by checkmate"]

1. Nf3 c5 2. b3 g6 3. Bb2 Nf6 4. e3 Bg7 5. Be2 O-O 6. O-O b6 7. d4 Bb7 8. Nbd2 d5 9. c4 Nbd7 10. Rc1 Rc8 11. Rc2 dxc4 12. Nxc4 cxd4 13. Nxd4 Nc5 14. Qa1 Qc7 15. b4 Na4 16. Na5 Qb8 17. Ndc6 Bxc6 18. Nxc6 Qc7 19. Be5 Qb7 20. Bb5 a6 21.
Bxa4 b5 22. Na5 Qe4 23. Rfc1 Rcd8 24. Bb3 Rd3 25. Nc6 Qh4 26. g3 Qg5 27. h4 Qg4 28.
Nxe7+ Kh8 29. Bxf6 Rxe3 30. Bxg7# 1-0

[Event "*** Titled Tuesday Blitz"]
[Site "Chess.com"]
[Date "2020.05.12"]
[Round "1"]
[White "WhiteCapital80"]
[Black "Alexander_Zubov"]
[Result "1-0"]
[WhiteElo "2453"]
[BlackElo "2834"]
[TimeControl "180+1"]
[EndTime "10:06:36 PDT"]
[Termination "WhiteCapital80 won by resignation"]

1. e4 c5 2. Nf3 d6 3. d4 cxd4 4. Nxd4 Nf6 5. Nc3 a6 6. Be2 e5 7. Nb3 Be7 8. O-O O-O 9. Kh1 Be6 10. f4 exf4 11. Bxf4 Nc6 12. Qe1 Ne5 13. Nd4 g6 14. Rd1 Qc7 15. Bg5 Ne8 16. Bh6 Ng7 17. Qg3 Qd8 18.
Nf5 Bxf5 19. exf5 Bh4 20. Qh3 Be7 21. Nd5 f6 22. fxg6 hxg6 23. Bd3 f5 24. Nf4 Qd7 25. c3 Rf7 26. Bc2 g5 27. Nd5 Bd8 28. Bb3 b5 29.
Ne3 g4 30. Qg3 Nh5 31. Qf2 f4 32. Bxf4 Nc4 33. Nxc4 Rxf4 34. Ne5+ Kg7 35. Nxd7 Rxf2 36. Rxf2 g3 37. hxg3 Nxg3+ 38. Kh2 Ne4 39. Rf4 Ng5 40.
Nb6 Bxb6 41. Rxd6 Bc7 42. Rd7+ 1-0

[Event "*** Titled Tuesday Blitz"]
[Site "Chess.com"]
[Date "2020.05.12"]
[Round "1"]
[White "Azerichess"]
[Black "chessablanca"]
[Result "1-0"]
[WhiteElo "3041"]
[BlackElo "2463"]
[TimeControl "180+1"]
[EndTime "10:06:37 PDT"]
[Termination "Azerichess won by checkmate"]

1. d4 Nf6 2. c4 e6 3. Nc3 Bb4 4. Qc2 O-O 5. e4 d6 6. e5 dxe5 7. dxe5 Nfd7 8. Nf3 Nc6 9. a3 Be7 10. Bf4 g5 11. Bg3 g4 12. Nd2 Ndxe5 13. O-O-O Qe8 14.
Nb5 Bd8 15. h3 a6 16. Nc3 f5 17. hxg4 Nxg4 18. Re1 Bg5 19. Kb1 Qf7 20. Nf3 Bf6 21. Bd3 Qg7 22. Ne2 Bd7 23. Nf4 Qf7 24. Nh5 Rae8 25.
Nxf6+ Qxf6 26. Rh5 Nd4 27. Nxd4 Qxd4 28. f3 Nf6 29. Be5 Qc5 30. Rg5+ Kh8 31. g4 fxg4 32. Qh2 Qe7 33. Bxh7 g3 34. Qh3 Qxh7+ 35. Qxh7+ Kxh7 36. Rh1+ Nh5 37. Rhxh5# 1-0

[Event "*** Titled Tuesday Blitz"]
[Site "Chess.com"]
[Date "2020.05.12"]
[Round "1"]
[White "EvgenyRomanov"]
[Black "MaxLeto"]
[Result "1-0"]
[WhiteElo "2662"]
[BlackElo "2337"]
[TimeControl "180+1"]
[EndTime "10:06:37 PDT"]
[Termination "EvgenyRomanov won by resignation"]

1. b3 e5 2. Bb2 Nc6 3. c4 Nf6 4. g3 d5 5. cxd5 Nxd5 6. Bg2 Be7 7. d3 O-O 8. Nf3 f6 9. O-O Be6 10. Nbd2 Qd7 11. Re1 Nb6 12. Rc1 Rfd8 13. Ne4 a5 14. a3 a4 15. b4 Nd4 16. Nxd4 exd4 17.
Qd2 Bd5 18. Qf4 Rac8 19. Rc2 Bb3 20. Nc5 Nd5 21. Qxd4 Bxc5 22. Rxc5 b6 23. Rcc1 Qf7 24. Qg4 c6 25. e4 Ne7 26. d4 b5 27. Rc5 Be6 28. Qe2 f5 29. exf5 Bxf5 30. Qxe7 1-0